 Dungeon Sprint DCSS version 0.16.2-12-gd0ad4c3 (webtiles) character file.

0 musteatbrain the Sneak (level 1, -1/17 HPs)
             Began as a Demonspawn Assassin on Oct 16, 2015.
             Was a Follower of Jiyva.
             Slain by Terence
             ... wielding a +0 mace
              (4 damage)
             ... in the Dungeon (Sprint VI: "Thunderdome").
             The game lasted 00:02:31 (140 turns).

musteatbrain the Sneak (Demonspawn Assassin)         Turns: 140, Time: 00:02:32

Health: -1/17      AC:  3    Str: 15    XL:     1   Next: 25%
Magic:  1/1        EV: 11    Int: 12    God:    Jiyva [*.....]
Gold:   20         SH:  0    Dex: 11    Spells: 0 memorised, 0 levels left

rFire  + . .     SeeInvis +     a - +2 dagger
rCold  . . .     Clarity  .     c - +0 robe
rNeg   . . .     SustAb   .     (no shield)
rPois  +         Gourm    .     (no helmet)
rElec  .         Spirit   .     d - +0 cloak
rCorr  .         Warding  .     (no gloves)
rMut   .         NoTele   +     (no boots)
MR     ++...                    (no amulet)
Stlth  ++........               r - ring "Cedit" {Slay+2 SInv}
                                u - ring "Cremirch" {rPois rF+ MR++ Str+4 Dex-3}

@: very slightly contaminated, hasted, very quick, very resistant to hostile
enchantments, unstealthy
A: no striking features
a: Request Jelly, Renounce Religion


You were in the Dungeon.
You worshipped Jiyva.
Jiyva was aware of your devotion.
You were not hungry.

You visited 1 branch You collected 200 gold pieces.
You spent 180 gold pieces at shops.

Inventory:

Hand weapons
 a - a +2 dagger (weapon)
 b - a +0 blowgun
Missiles
 e - 8 poisoned needles
 f - 2 curare-tipped needles
Armour
 c - a +0 robe (worn)
 d - a +0 cloak (worn)
Jewellery
 r - the ring "Cedit" (right hand) {Slay+2 SInv}
   (You bought it in a shop in the Dungeon)

   [ring of see invisible]

   It affects your accuracy and damage with ranged weapons and melee attacks
   (+2).
   It enhances your eyesight.
 u - the ring "Cremirch" (left hand) {rPois rF+ MR++ Str+4 Dex-3}
   (You bought it in a shop in the Dungeon)

   [ring of poison resistance]

   It affects your strength (+4).
   It affects your dexterity (-3).
   It protects you from fire.
   It protects you from poison.
   It affects your resistance to hostile enchantments.
Magical devices
 o - a wand of cold (5)
 p - a wand of fire (5)
Scrolls
 m - 4 scrolls of blinking
 q - 3 scrolls of fog
Potions
 i - 3 potions of heal wounds
 j - 3 potions of haste
 k - 2 potions of magic
 l - a potion of berserk rage
 n - a potion of resistance
Comestibles
 g - a bread ration
 s - 3 chunks of flesh


   Skills:
 + Level 2.6 Fighting
 + Level 2.3 Short Blades
 - Level 1.7 Throwing
 + Level 1.0 Dodging
 - Level 3.6 Stealth


You couldn't memorise any spells.
You didn't know any spells.

Dungeon Overview and Level Annotations

Branches:
Dungeon (1/1)

Altars:
Cheibriados
Dithmenos
Fedhas
Gozag
Kikubaaqudgha
Makhleb
Okawaru
Qazlal
Ru
Sif Muna
Trog
Vehumet
Xom
Yredelemnul
Zin
The Shining One
Jiyva
Lugonu

Shops:
D *[%??*?*:[((!!!!

Annotations:
D Jessica, Sigmund, Terence


Message History

You feel much better. Terence hits you with a mace.
Jessica casts a spell.
Jessica seems to speed up.
The hobgoblin hits you with a club.
You closely miss Terence.
Terence is moderately wounded.
Jessica closely misses you.
You hit Terence.
Terence is heavily wounded.
Terence barely misses you.
The hobgoblin hits you but does no damage.
Jessica hits you.
You hit Terence.
Terence is severely wounded.
You closely miss Terence.
Terence is severely wounded.
Sigmund shouts!
Jessica hits you.
* * * LOW HITPOINT WARNING * * *
Terence hits you with a mace.
You die...

##.............###............
#⌠..........###.@.###.........
#⌠..........# #.<.# #.........
#⌠..........###...###.........
##.............###............
###∩........8.# #.8........∩#
##∩.__......###......__.∩##
######.8.........8.######
#⌠..@........⌠#
###@@g......### #........_#
#_......._# #_......._#
#∩.......∩# ##∩.....∩##
##.....## ##§§⌠##


You could see Sigmund, Terence, Jessica and a hobgoblin.

Vanquished Creatures
  A hobgoblin (D)
  A bat (D)
2 creatures vanquished.

Vanquished Creatures (others)
  A jelly (D)
1 creature vanquished.

Grand Total: 3 creatures vanquished

Notes
Turn   | Place    | Note
--------------------------------------------------------------
     0 | D        | musteatbrain, the Demonspawn Assassin, began the quest for the Orb.
     0 | D        | Reached XP level 1. HP: 16/16 MP: 1/1
     1 | D        | Found a shadowy altar of Dithmenos.
     2 | D        | Found a glowing golden altar of the Shining One.
     2 | D        | Found an iron altar of Okawaru.
     3 | D        | Found a snail-covered altar of Cheibriados.
     4 | D        | Found Moewuwk's Advanced Armour.
     4 | D        | Found Itegexoi's Identification Station.
     4 | D        | Found an opulent altar of Gozag.
     4 | D        | Found a viscous altar of Jiyva.
     5 | D        | Found a sacrificial altar of Ru.
     5 | D        | Round 1.
     6 | D        | Found Hipsiygi's Jewellery.
     6 | D        | Found Yrofuuhafu's Bee Food.
    26 | D        | Became a worshipper of Jiyva Jaceef the Shapeless
    31 | D        | Bought a slimy pewter ring for 45 gold pieces
    31 | D        | Bought a transparent emerald amulet for 45 gold pieces
    31 | D        | Bought a clouded brass ring for 45 gold pieces
    31 | D        | Bought a heavily runed ivory ring for 45 gold pieces
    31 | D        | Identified the ring "Cedit" {Slay+2 SInv} (You bought it in a shop in the Dungeon)
    32 | D        | Identified the amulet of the Twelve Lies {Spirit rPois rC- MR+ Int-4 Slay+2} (You bought it in a shop in the Dungeon)
    36 | D        | Identified the ring "Ubec" {Int+2 Dex+2 Stlth-} (You bought it in a shop in the Dungeon)
    38 | D        | Identified the ring "Cremirch" {rPois rF+ MR++ Str+4 Dex-3} (You bought it in a shop in the Dungeon)
    54 | D        | Found a deep blue altar of Sif Muna.
    60 | D        | Found Klatojip's Magic Scroll Shop.
    60 | D        | Found Chots' Magic Scroll Shop.
    62 | D        | Found a blossoming altar of Fedhas.
    62 | D        | Found a burning altar of Makhleb.
    62 | D        | Found a radiant altar of Vehumet.
    63 | D        | Found Lisommur's Staff Store.
    63 | D        | Found Skikiodd's Must-Have Magic.
    66 | D        | Found a bloodstained altar of Trog.
    67 | D        | Found a shimmering altar of Xom.
    68 | D        | Found Itatwif's Distillery.
    69 | D        | Found Psaussut's Distillery.
    70 | D        | Found a corrupted altar of Lugonu.
    70 | D        | Found an ancient bone altar of Kikubaaqudgha.
    71 | D        | Found Smacrumm's Bottled Wisdom.
    71 | D        | Found Klugagar's Do-It-Yourself Clinic.
    73 | D        | Found a basalt altar of Yredelemnul.
    74 | D        | Found a glowing silver altar of Zin.
    75 | D        | Found a stormy altar of Qazlal.
    76 | D        | Found Vemnees' Weapon Rack.
    79 | D        | Reached skill level 1 in Dodging
    85 | D        | Found Xaerphe's Basic Armour.
    91 | D        | Found Roeruz's Miscellaneous Merchandise.
    92 | D        | Found Cumuhuar's Premium Goods.
   100 | D        | Acquired Jiyva's first power
   120 | D        | Noticed Terence
   122 | D        | Noticed Sigmund
   134 | D        | Noticed Jessica
   140 | D        | Slain by Terence

Action                   || total
-------------------------++-------
Melee: Dagger            ||    19
  Use: Potion            ||     3
